 Dungeon Crawl Stone Soup version 0.29-a0-542-g075992c915 (webtiles) character file.

Game seed: 40485744248127840

2916 Abuh the Cleaver (level 9, 0/89 HPs)
             Began as a Hill Orc Fighter on June 2, 2022.
             Was an Initiate of Beogh.
             Succumbed to a kobold brigand's curare-tipped dart
             ... on level 8 of the Dungeon on June 3, 2022.
             The game lasted 00:27:46 (6564 turns).

Abuh the Cleaver (Hill Orc Fighter)                 Turns: 6564, Time: 00:27:46

Health: 0/89       AC: 21    Str: 23    XL:     9   Next: 78%
Magic:  9/9        EV:  6    Int:  8    God:    Beogh [......]
Gold:   201        SH:  0    Dex: 10    Spells: 8/8 levels left

rFire   . . .      SeeInvis .   w - +1 battleaxe (vorpal)
rCold   . . .      Faith    .   (shield currently unavailable)
rNeg    + . .      Spirit   .   x - +0 plate armour
rPois   .          Reflect  .   B - +0 helmet
rElec   .          Harm     .   A - +2 cloak {rCorr}
rCorr   +          Rampage  .   z - +1 pair of gloves {Stlth+}
Will    .....                   u - +2 pair of boots
Stlth   ..........              (no amulet)
HPRegen 0.24/turn               n - ring of positive energy
MPRegen 0.11/turn               (no ring)

@: lethally poisoned (0 -> -35), slowed, very slow
A: no striking features
a: Renounce Religion


You were on level 8 of the Dungeon.
You worshipped Beogh.
Beogh was noncommittal.
You visited 1 branch of the dungeon, and saw 8 of its levels.

You collected 513 gold pieces.
You spent 312 gold pieces at shops.

Inventory:

Hand Weapons
 a - a +0 spectral war axe
 s - the +7 dagger "Moanisix" {protect, Drain rCorr Str+3 Stlth+}
   (You found it on level 4 of the Dungeon)

   It grants its wielder temporary protection when it strikes (+7 to AC).
   Str:       It affects your strength (+3).
   rCorr:     It protects you from acid and corrosion.
   Drain:     It drains your maximum health when unequipped.
   Stlth:     It makes you more stealthy.
 w - a +1 vorpal battleaxe (weapon)
 F - a +1 hand axe of electrocution
Missiles
 y - a throwing net (quivered)
Armour
 b - a +1 scale mail
 c - a +0 buckler
 d - an orb of guile
 k - +0 acid dragon scales
 r - a +0 pair of gloves
 u - a +2 pair of boots (worn)
 x - a +0 plate armour (worn)
 z - a +1 pair of gloves of stealth (worn)
 A - a +2 cloak of preservation (worn)
 B - a +0 helmet (worn)
 C - +0 steam dragon scales
Jewellery
 f - a ring of ice
 n - a ring of positive energy (left hand)
Wands
 e - a wand of mindburst (12)
 h - a wand of polymorph (2)
 o - a wand of paralysis (11)
 E - a wand of iceblast (7)
Scrolls
 j - 4 scrolls of identify
 l - a scroll of teleportation
 p - 2 scrolls of magic mapping
 t - 3 scrolls of enchant armour
 D - a scroll of torment {unknown}
Potions
 g - 2 potions of curing
 i - a potion of degeneration
 m - 3 potions of flight
 q - 2 potions of magic {unknown}
 v - 2 potions of haste


   Skills:
 + Level 11.2 Fighting
 * Level 12.9 Axes
 - Level 3.2 Armour
 - Level 3.2 Shields


You had 8 spell levels left.
You didn't know any spells.
Your spell library contained the following spells:

 Spells                   Type           Power      Damage    Failure   Level
 Magic Dart               Conj           0%         1d3       100%        1
 Call Imp                 Summ           0%         N/A       100%        2
 Poisonous Vapours        Pois/Air       0%         N/A       100%        2
 Mephitic Cloud           Conj/Pois/Air  0%         N/A       100%        3
 Portal Projectile        Hex/Tloc       0%         N/A       100%        3
 Tukima's Dance           Hex            0%         N/A       100%        3
 Animate Dead             Necr           0%         N/A       100%        4
 Corpse Rot               Necr/Pois/Air  0%         N/A       100%        4
 Blade Hands              Tmut           0%         N/A       100%        5
 Haunt                    Necr/Summ      0%         N/A       100%        7
 Infestation              Necr           0%         N/A       100%        8


Dungeon Overview and Level Annotations

Branches:
Dungeon (8/15)             Temple (0/1) D:7
   Lair: D:8-11

Altars:
Ashenzari
Makhleb
Okawaru
Uskayaw
Vehumet
Xom

Shops:
D:6 [   D:7 (

Annotations:
D:8 exclusion: 4 orange crystal statues


Message History

You hit the kobold.
You kill the kobold!
Beogh accepts your kill.
The kobold hits you with a +0 short sword.
Items here: ( )))) ††.
You slash the kobold!
You kill the kobold!
Beogh accepts your kill.
Things that are here:
a +0 short sword; 3 stones; a kobold corpse
Items here: ( )))) ††.
You start resting.
Your extra speed is starting to run out.
You start resting.
You feel yourself slow down.
You start resting.
Magic restored.
You start resting.
A kobold brigand comes into view.
It is wielding a +0 whip and quivering curare-tipped darts.
The kobold brigand throws a curare-tipped dart.
The curare-tipped dart hits you.
You are poisoned.
You have difficulty breathing.
You feel yourself slow down.
You feel very sick.
You feel very sick.
The kobold brigand throws a curare-tipped dart.
The curare-tipped dart hits you.
You are more poisoned.
You have difficulty breathing.
* * * LOW HITPOINT WARNING * * *
You feel as though you will be slow longer.
* * * LOW HITPOINT WARNING * * *
You feel extremely sick.
The kobold brigand throws a curare-tipped dart.
The curare-tipped dart hits you.
You are lethally poisoned!
You have difficulty breathing.
* * * LOW HITPOINT WARNING * * *
You feel as though you will be slow longer.
You die...

.#...#.#..#..........# .#
8... .8#.K...........##.#
###
####................##
........#)#.#............
#########)#.#...###.##.##
#.#.#...# #.##.##
#.#.##### #.##..#
######.#[# #.##..#
#....@...# #.##..#
###......### #.....#
###.......### ####..#
#...........# #..#
.#....<..#)# #####..#
###...###)#######......#
#............##.####.#
##.###...............# #.
#..####.##.####.#


There were no monsters in sight!

Vanquished Creatures
  Maggie (D:7)
  A hornet (D:7)
  Eustachio (D:4)
  A steam dragon (D:7)
  A water moccasin (D:7)
  Duvessa (D:5)
  2 orc warriors
  A sky beast (D:6)
  A black bear (D:6)
  An ice beast (D:7)
  An ogre (D:5)
  A centaur (D:7)
  2 phantoms
  6 scorpions
  Dowan (D:5)
  4 howler monkeys (D:7)
  A jelly (D:5)
  5 hounds
  3 orc priests
  6 iguanas
  2 orc wizards (D:6)
  6 adders
  A shadow imp (D:5)
  A white imp (D:7)
  2 ufetubi (D:5)
  A worm (D:3)
  A dart slug (D:4)
  13 orcs
  A bat (D:3)
  4 endoplasms
  3 giant cockroaches
  11 goblins
  6 hobgoblins
  6 jackals (D:4)
  4 quokkas
  2 ball pythons
  2 frilled lizards
  11 kobolds
  6 rats
124 creatures vanquished.

Vanquished Creatures (others)
  16 plants
16 creatures vanquished.

Grand Total: 140 creatures vanquished

Notes
Turn   | Place    | Note
-------+----------+-------------------------------------------
     0 | D:1      | Abuh the Hill Orc Fighter began the quest for the Orb.
     0 | D:1      | Reached XP level 1. HP: 19/19 MP: 1/1
    56 | D:1      | Found a faded altar of an unknown god.
   176 | D:1      | Reached skill level 3 in Axes
   340 | D:1      | Reached XP level 2. HP: 21/27 MP: 2/2
   753 | D:2      | Reached XP level 3. HP: 34/34 MP: 3/3
   757 | D:2      | You fall into a shaft and drop 1 floor!
   800 | D:3      | Reached skill level 4 in Axes
  1010 | D:3      | Reached XP level 4. HP: 32/41 MP: 4/4
  1401 | D:3      | Found an iron altar of Okawaru.
  1437 | D:3      | Found a radiant altar of Vehumet.
  1766 | D:4      | Reached skill level 5 in Fighting
  2055 | D:4      | Reached skill level 5 in Axes
  2055 | D:4      | Reached XP level 5. HP: 42/48 MP: 5/5
  2101 | D:4      | Noticed Eustachio
  2125 | D:4      | HP: 2/48 [quasit[Eustachio] (3)]
  2157 | D:4      | Killed Eustachio
  2158 | D:4      | Reached skill level 6 in Axes
  2158 | D:4      | Reached XP level 6. HP: 11/57 MP: 6/6
  2660 | D:4      | Reached skill level 7 in Axes
  2660 | D:4      | Reached XP level 7. HP: 64/66 MP: 7/7
  2884 | D:4      | Identified the +7 dagger "Moanisix" {protect, Drain rCorr
                  | Str+3 Stlth+}
  3042 | D:5      | Entered Level 5 of the Dungeon
  3283 | D:5      | Upgraded the game from 0.29-a0-541-gaf1fc19f1b to
                  | 0.29-a0-542-g075992c915
  3497 | D:5      | Found a broken altar of Ashenzari.
  3497 | D:5      | Found a shimmering altar of Xom.
  3626 | D:5      | Reached skill level 8 in Axes
  3658 | D:5      | Noticed Duvessa
  3658 | D:5      | Noticed Dowan
  3664 | D:5      | Killed Dowan
  3665 | D:5      | Reached XP level 8. HP: 59/74 MP: 8/8
  3666 | D:5      | Killed Duvessa
  3763 | D:5      | Found a hide-covered altar of Uskayaw.
  3783 | D:5      | Reached skill level 9 in Axes
  4333 | D:6      | Became a worshipper of Beogh the Brigand
  4370 | D:6      | Reached skill level 10 in Axes
  4863 | D:6      | Found a burning altar of Makhleb.
  4992 | D:6      | Found Mokudoh's Armour Shop.
  4997 | D:6      | Bought a +2 cloak of preservation for 258 gold pieces
  4997 | D:6      | Bought a +0 helmet for 54 gold pieces
  5146 | D:7      | Reached skill level 10 in Fighting
  5207 | D:7      | Noticed a hornet
  5220 | D:7      | Reached XP level 9. HP: 47/85 MP: 9/9
  5221 | D:7      | Paralysed by a hornet for 1 turns
  5225 | D:7      | Paralysed by a hornet for 2 turns
  5231 | D:7      | Killed a hornet
  5232 | D:7      | Reached skill level 11 in Axes
  5668 | D:7      | Noticed Maggie
  5679 | D:7      | Killed Maggie
  5680 | D:7      | Reached skill level 12 in Axes
  5827 | D:7      | Found Fethiffe's Weapon Boutique.
  6222 | D:7      | Found a staircase to the Ecumenical Temple.
  6439 | D:8      | Found a runed translucent door.
  6446 | D:8      | Found the +10 tower shield of Ignorance {rN+ Int-4}
  6449 | D:8      | Noticed an orange crystal statue
  6449 | D:8      | Noticed an orange crystal statue
  6449 | D:8      | Noticed an orange crystal statue
  6449 | D:8      | Noticed an orange crystal statue
  6564 | D:8      | Succumbed to a kobold brigand's curare-tipped dart

Illustrated notes

Levels and vault maps discovered:
D:1:      wander_arrival_lonely_grave, layout_basic,
          hellmonk_ecumenical_altar_pennies_from_heaven
D:2:      layout_rooms, lemuel_another_geyser, uniq_natasha, uniq_sigmund,
          uniq_robin
D:3:      layout_loops_ring, amcnicky_altar_gilded,
          mainiacjoe_overflow_boulevard, lexackson_kobold_supper
D:4:      minmay_skewed_foursquare, layout_basic, uniq_eustachio
D:5:      layout_basic, nicolae_uskayaw_dance_hall,
          mainiacjoe_overflow_divided_tiny, serial_bayou_pond_c, uniq_duvessa
D:6:      layout_basic, lightli_temple_of_fire,
          mainiacjoe_overflow_six_doors_small, serial_shops, shop
D:7:      layout_rooms, temple_green, serial_shops,
          nicolae_shop_bloodbath_and_beyond, uniq_maggie
D:8:      layout_loops_ring, chequers_guarded_unrand_ignorance

Skill      XL: |  1  2  3  4  5  6  7  8  9 |
---------------+----------------------------+-----
Axes           | 3 4 5 6 7 8 10 12 | 12.9
Fighting       | 4 5 6 7 8 10 11 | 11.2
Armour         | |  3.2
Shields        | |  3.2

Action                   |  1- 3 |  4- 6 |  7- 9 || total
-------------------------+-------+-------+-------++-------
Melee: War axe           |    87 |    79 |    86 ||   252
       Battleaxe         |       |       |   115 ||   115
Invok: Convert to Beogh  |       |       |     1 ||     1
  Use: Scroll            |     5 |     3 |     4 ||    12
       Potion            |       |     2 |    12 ||    14
 Stab: Distracted        |       |     1 |     3 ||     4
Armor: Scale mail        |    37 |    43 |    30 ||   110
       Plate armour      |       |       |    74 ||    74
Dodge: Dodged            |    44 |    35 |    57 ||   136
Block: Buckler           |    15 |    25 |    18 ||    58

Table legend: (Time is in decaauts)
 A = Elapsed time spent in this place.
 B = Non-inter-level travel time spent in this place.
 C = Inter-level travel time spent in this place.
 D = Time resting spent in this place.
 E = Time spent auto-exploring this place.
 F = Levels seen in this place.
 G = Mean time per level.
                   A        B        C        D        E       F      G
               +--------+--------+--------+--------+--------+-----+--------+
         Total |   6630 |   6534 |     96 |    864 |   4153 |   8 |  828.8 |
       Dungeon |   6630 |   6534 |     96 |    864 |   4153 |   8 |  828.8 |
               +--------+--------+--------+--------+--------+-----+--------+

Top non-repeatable levels by time:
     D:4: 1310 daAuts
     D:7: 1216 daAuts
     D:5: 1156 daAuts
     D:3: 1005 daAuts
     D:6: 961 daAuts
     D:1: 732 daAuts
     D:8: 199 daAuts
     D:2: 48 daAuts
